 Dungeon Sprint DCSS version 0.30-a0-371-gad7725a93e (webtiles) character file.

Game seed: 10786623379892904039

151 Kingsmith the Trooper (level 5, -3/45 HPs)
             Began as a Djinni Air Elementalist on Nov 21, 2022.
             Slain by a phantom (5 damage)
             ... in the Dungeon (Sprint IX: "|||||||||||||||||||||||||||||").
             The game lasted 00:01:12 (60 turns).

Kingsmith the Trooper (Djinni Air Elementalist)       Turns: 60, Time: 00:01:12

Health: -3/45      AC:  2    Str:  9    XL:     5   Next: 59%
Gold:   0          EV: 12    Int: 17    God:
                   SH:  0    Dex: 13

rFire   + + .      SeeInvis .    g - +4 dagger
rCold   x . .      Faith    .    (no shield)
rNeg    . . .      Spirit   .    a - +0 robe
rPois   ∞          Reflect  .    (no helmet)
rElec   .          Harm     .    (no cloak)
rCorr   .          Rampage  .    (no gloves)
Will    .....      NoTele   +    (boots unavailable)
Stlth   ++........               (no amulet)
HPRegen 0.27/turn                (no ring)
MPRegen 0.00/turn                (no ring)

@: swift, on berserk cooldown, flying, hasted and slowed, very quick
A: sickness immunity, fire resistance 2, cold vulnerability 1, float, innate
caster, HP casting, extra vitality 1
a: no special abilities


You were in the Dungeon.
You visited 1 branch

Inventory:

Hand Weapons
 g - a +4 dagger (weapon)
Armour
 a - a +0 robe (worn)
Scrolls
 f - a scroll of blinking


   Skills:
 * Level 5.8 Fighting
 + Level 4.0 Armour
 - Level 2.6 Dodging
 - Level 1.9 Stealth
 * Level 5.8 Spellcasting


You had 2 spell levels left.
You knew the following spells:

 Your Spells              Type           Power      Damage    Failure   Level
a - Shock                 Conj/Air       96%        1d9       1%          1
b - Static Discharge      Conj/Air       48%        2-4/arc   1%          2
c - Swiftness             Air            24%        N/A       3%          3
d - Airstrike             Air            12%        2d(2-18)  12%         4
e - Beastly Appendage     Tmut           48%        N/A       1%          1
f - Blink                 Tloc           48%        N/A       1%          2
Your spell library was empty.

Dungeon Overview and Level Annotations

Branches:
Dungeon (1/1)

Altars:


Innate Abilities, Weirdness & Mutations

You are immune to sickness and miasma.
You are immune to poison.
Your flesh is very heat resistant. (rF++)
You are vulnerable to cold. (rC-)
You float through the air rather than walking.
You learn spells naturally, not from books.
Your magical power is your life essence.
You have superior vitality. (+4 MHP)


Message History

Casting: Shock (safe; 1% risk of failure)
Confirm with . or Enter, or press ? or * to list all spells.
You feel quick. The gnoll sergeant closely misses you.
The phantom closely misses you.
Casting: Swiftness (dangerous; 3% risk of failure)
Confirm with . or Enter, or press ? or * to list all spells.
The spell is quite dangerous to miscast (12% risk of failure)!
Continue anyway? [Y]es or [N]o only, please.
The spell is quite dangerous to miscast (12% risk of failure)!
Continue anyway?
Okay, then.
Casting: Airstrike (quite dangerous; 12% risk of failure)
Confirm with . or Enter, or press ? or * to list all spells.
The phantom is struck by an arc of lightning.
The phantom is moderately damaged.
You are struck by an arc of lightning.
The phantom is struck by an arc of lightning.
The phantom is heavily damaged.
The gnoll sergeant is struck by an arc of lightning.
The gnoll sergeant is lightly wounded.
The lightning grounds out.
The phantom hits you.
The gnoll sergeant hits you from afar with a +0 spear.
* * * LOW HITPOINT WARNING * * *
Casting: Static Discharge (safe; 1% risk of failure)
Confirm with . or Enter, or press ? or * to list all spells.
The phantom is struck by an arc of lightning.
The phantom is heavily damaged.
You are struck by an arc of lightning.
* * * LOW HITPOINT WARNING * * *
The lightning grounds out.
* * * LOW HITPOINT WARNING * * *
The gnoll sergeant closely misses you. The phantom hits you.
* * * LOW HITPOINT WARNING * * *
You feel better.
The phantom hits you but does no damage.
The gnoll sergeant hits you from afar with a +0 spear!
* * * LOW HITPOINT WARNING * * *
You hit the phantom.
The phantom is severely damaged.
The phantom hits you.
You die...

▓.▓
▓.▓
▓'▓
▓†▓
▓.▓
▓†▓
▓.▓
▓.▓
▓@▓
▓W▓
▓g▓
▓.▓
▓.▓
▓.▓
▓+▓


You could see a phantom and a gnoll sergeant.

Vanquished Creatures
  2 necrophages (D)
  An iguana (D)
  A dart slug (D)
  A bat (D)
  A goblin (D)
  A hobgoblin (D)
  A rat (D)
8 creatures vanquished.

Notes
Turn   | Place    | Note
-------+----------+-------------------------------------------
     0 | D        | Kingsmith the Djinni Air Elementalist began the quest for
                  | the Orb.
     0 | D        | Kingsmith set off with the following spells memorised:
                  | Shock, Static Discharge, Swiftness, Airstrike.
     0 | D        | Reached XP level 1. HP: 15/15 MP: 0/0
     7 | D        | Reached XP level 2. HP: 16/21 MP: 0/0
    30 | D        | Noticed a necrophage
    30 | D        | Noticed a necrophage
    30 | D        | Noticed a phantom
    30 | D        | Noticed a gnoll sergeant
    39 | D        | Killed a necrophage
    40 | D        | Reached XP level 3. HP: 19/31 MP: 0/0
    40 | D        | Learned a level 1 spell: Beastly Appendage
    40 | D        | Reached XP level 4. HP: 23/37 MP: 0/0
    43 | D        | Reached skill level 5 in Spellcasting
    50 | D        | Killed a necrophage
    51 | D        | Reached skill level 5 in Fighting
    51 | D        | Reached XP level 5. HP: 4/45 MP: 0/0
    51 | D        | Learned a level 2 spell: Blink
    53 | D        | HP: 1/67 [phantom (4)]
    59 | D        | HP: 2/45 [gnoll sergeant/+0 spear (13)]
    60 | D        | Slain by a phantom

Illustrated notes

Levels and vault maps discovered:
D:        linesprint [early_d, line_temple, items_1, d_10, items_2, lair_1,
          lair_end, items_3, orc_1, orc_end, items_4, d_15, swamp_1, shoals_1,
          snake_1, spider_1, d_20, vaults_1, items_5, swamp_end, shoals_end,
          snake_end, spider_end, vaults_end, d_27, items_6, zot_1, zot_end,
          crypt_end, forest_end, elf_end, slime_end, tomb_end, abyss_end,
          pan_hell_end]

Skill      XL: |  1  2  3  4 |
---------------+-------------+-----
Spellcasting   | 3 4 5 |  5.8
Fighting       | 4 5 |  5.8
Armour         | 2 4 |  4.0
Dodging        | |  2.6
Stealth        | |  1.9

Action                   |  1- 3 |  4- 6 || total
-------------------------+-------+-------++-------
Melee: Dagger            |     7 |    13 ||    20
 Cast: Shock             |     3 |       ||     3
       Static Discharge  |       |     2 ||     2
       Swiftness         |       |     1 ||     1
  Use: Potion            |     2 |     2 ||     4
 Stab: Distracted        |     1 |       ||     1
Armor: Robe              |       |     2 ||     2
Dodge: Dodged            |     4 |    10 ||    14

Table legend: (Time is in decaauts)
 A = Elapsed time spent in this place.
 B = Non-inter-level travel time spent in this place.
 C = Inter-level travel time spent in this place.
 D = Time resting spent in this place.
 E = Time spent auto-exploring this place.
 F = Levels seen in this place.
 G = Mean time per level.
                   A        B        C        D        E       F      G
               +--------+--------+--------+--------+--------+-----+--------+
         Total |     52 |     52 |      0 |     15 |      0 |   1 |   52.0 |
       Dungeon |     52 |     52 |      0 |     15 |      0 |   1 |   52.0 |
               +--------+--------+--------+--------+--------+-----+--------+

Top non-repeatable levels by time:
       D: 52 daAuts
